 Dungeon Crawl Stone Soup version 0.24-a0-165-g1b465fe (webtiles) character file.

Game seed: 9375020143788710606

9608 Dfrag the Arsonist (level 11, -6/81 HPs)
             Began as a Naga Fire Elementalist on Mar 6, 2019.
             Was a Priest of Vehumet.
             Mangled by an eight-headed hydra (7 damage)
             ... on level 10 of the Dungeon.
             The game lasted 00:21:01 (10124 turns).

Dfrag the Arsonist (Naga Fire Elementalist)        Turns: 10124, Time: 00:21:02

Health: -6/81      AC:  8    Str: 10    XL:     11   Next: 49%
Magic:  15/33      EV:  9    Int: 19    God:    Vehumet [***...]
Gold:   953        SH:  0    Dex: 12    Spells: 12/29 levels left

rFire    + . .     SeeInvis +   I - staff of energy
rCold    . . .     Gourm    .   (no shield)
rNeg     . . .     Faith    .   Q - +0 troll leather armour
rPois    +         Spirit   .   H - +1 helmet
rElec    .         Reflect  .   (no cloak)
rCorr    .         Harm     .   B - +0 pair of gloves
MR       +....                  (no barding)
Stlth    ++........             O - amulet of magic regeneration
HPRegen  0.63/turn              E - ring of protection from fire
MPRegen  0.48/turn              p - ring of magical power

@: very slow
A: large, see invisible, deformed body, poison resistance, slowness 2, slow
metabolism 1, spit poison 1, AC +3
a: Spit Poison, Renounce Religion


You were on level 10 of the Dungeon.
You worshipped Vehumet.
Vehumet was most pleased with you.
You were not hungry.

You visited 2 branches of the dungeon, and saw 11 of its levels.
You also visited: Ossuary and Bailey.

You collected 953 gold pieces.

Inventory:

Hand Weapons
 b - a +3 battleaxe of freezing
 s - a +0 trident
 C - a +2 spear of freezing
Armour
 a - a +0 robe
 B - a +0 pair of gloves (worn)
 H - a +1 helmet (worn)
 Q - a +0 troll leather armour (worn)
Magical Staves
 I - an uncursed staff of energy (weapon)
Jewellery
 j - an uncursed ring of protection from magic
 p - a ring of magical power (right hand)
 E - a ring of protection from fire (left hand)
 O - an amulet of magic regeneration (around neck)
Wands
 q - a wand of flame (15)
 F - a wand of clouds (2)
Scrolls
 e - a scroll of fear {unknown}
 f - 6 scrolls of remove curse
 g - 3 scrolls of teleportation
 i - a scroll of blinking {unknown}
 k - 5 scrolls of amnesia
 m - 2 scrolls of random uselessness {unknown}
 n - 2 scrolls of magic mapping {unknown}
 w - 4 scrolls of enchant weapon {unknown}
 x - a scroll of immolation {unknown}
 y - a scroll of noise {unknown}
 N - a scroll of vulnerability {unknown}
Potions
 d - 5 potions of curing
 h - 3 potions of brilliance
 l - 2 potions of invisibility
 r - a potion of magic
 t - 3 potions of heal wounds
 u - a potion of berserk rage
 v - a potion of agility {unknown}
 z - a potion of flight {unknown}
 A - 2 potions of might
 D - a potion of ambrosia
 G - 2 potions of haste
 P - a potion of cancellation {unknown}
Miscellaneous
 J - 2 sacks of spiders
Comestibles
 c - 22 rations


   Skills:
 - Level 1.5 Dodging
 - Level 3.0 Stealth
 + Level 9.6 Spellcasting
 + Level 10.3 Conjurations
 + Level 10.7 Fire Magic


You had 12 spell levels left.
You knew the following spells:

 Your Spells              Type           Power        Failure   Level  Hunger
a - Flame Tongue          Conj/Fire      #####        1%          1    None
b - Conjure Flame         Conj/Fire      #####...     1%          3    None
c - Sticky Flame          Conj/Fire      #####...     1%          4    None
d - Fireball              Conj/Fire      #####.....   1%          5    None
e - Airstrike             Air            #.........   26%         4    None

Your spell library contained the following spells:

 Spells                   Type           Power        Failure   Level  Hunger
 Throw Flame              Conj/Fire      #####.       1%          2    None
 Inner Flame              Hex/Fire       ####....     1%          3    None
 Animate Skeleton         Necr           N/A          11%         1    None
 Apportation              Tloc           #.....       11%         1    None
 Beastly Appendage        Tmut           #.....       11%         1    None
 Confusing Touch          Hex            #.....       11%         1    None
 Summon Small Mammal      Summ           #...         11%         1    None
 Sticks to Snakes         Tmut           #.......     16%         2    None
 Spider Form              Tmut/Pois      #.........   32%         3    None
 Ice Form                 Ice/Tmut       #.......     71%         4    None
 Blade Hands              Tmut           #.........   96%         5    None


Dungeon Overview and Level Annotations

Branches:
Dungeon (10/15)            Temple (1/1) D:6            Lair (0/6) D:9
    Orc (0/2) D:10

Altars:
Ashenzari
Cheibriados
Dithmenos
Elyvilon
Fedhas
Kikubaaqudgha
Makhleb
Okawaru
Qazlal
Ru
Sif Muna
Trog
Uskayaw
Vehumet
Wu Jian
Xom
Yredelemnul
Zin
The Shining One


Innate Abilities, Weirdness & Mutations

You cannot wear boots.
Your serpentine skin is tough. (AC +3)
You have supernaturally acute eyesight. (SInv)
Armour fits poorly on your strangely shaped body.
Your system is resistant to poisons. (rPois)
You cover ground very slowly.
You have a slow metabolism.
You can spit poison.


Message History

Vehumet accepts your kill.
You feel your power returning.
Unknown command.
An eight-headed hydra comes into view.
The eight-headed hydra completely misses you.
The eight-headed hydra bites you but does no damage. x3
The eight-headed hydra bites you! x2
The eight-headed hydra bites you but does no damage.
The eight-headed hydra barely misses you.
The eight-headed hydra bites you but does no damage.
The eight-headed hydra bites you.
The eight-headed hydra bites you but does no damage.
The eight-headed hydra bites you! x2
* * * LOW HITPOINT WARNING * * *
The eight-headed hydra bites you!
* * * LOW HITPOINT WARNING * * *
The eight-headed hydra bites you!
* * * LOW HITPOINT WARNING * * *
The eight-headed hydra bites you!
You die...

...# .### #... .# .#
#...# .## ## .# #...#
.. .# .# ##...# #.
..## .#####....# .#
#..###..........##†#
#..#.# #.....#.D#
##....# #.....#@.#
#..#..# #.....#.##
.####.# #.....##.# ##
#.####....#.#.# #
###..##..#..##.#..#
#.....#.....###.##...
#....##.......# #.#
##.. ...###.......##
#.. .## ##...#...#
...


You could see an eight-headed hydra.

Vanquished Creatures
  Harold (D:7)
  Pikel (D:4)
  A cyclops (D:10)
  3 trolls
  A polar bear (D:10)
  2 hornets (D:10)
  A queen bee (D:8)
  A hippogriff (D:10)
  Sigmund (D:3)
  6 yaks
  A vampire mosquito (D:10)
  9 orc warriors
  2 porcupines (D:9)
  3 ice beasts
  2 sky beasts
  3 ogres
  A black bear (D:9)
  A necrophage (D:5)
  A phantom (D:7)
  4 centaurs
  3 bullfrogs
  A water moccasin zombie (D:8)
  3 scorpions
  13 killer bees (D:8)
  8 wights
  2 electric eels (D:10)
  A howler monkey (D:9)
  3 bullfrog zombies
  3 crimson imps
  3 hounds
  4 orc wizards
  3 jellies
  6 orc priests
  A bullfrog skeleton (D:5)
  Ijyb (D:4)
  An iguana (D:8)
  5 worker ants
  A big kobold zombie (Ossuary)
  A bullfrog simulacrum (D:10)
  A hound zombie (D:6)
  2 hound skeletons
  8 mummies (Ossuary)
  A worker ant zombie (D:7)
  18 gnolls
  15 adders
  6 shadow imps
  4 white imps (D:10)
  A worker ant simulacrum (D:10)
  An ooze (D:1)
  2 worms
  A dart slug (D:1)
  8 leopard geckos
  36 orcs
  7 giant cockroaches
  10 hobgoblins
  14 jackals
  6 quokkas
  11 bats
  5 frilled lizards
  2 gnoll zombies (Ossuary)
  10 goblins
  2 hobgoblin zombies (Ossuary)
  20 kobolds
  A kobold zombie (Ossuary)
  2 orc zombies (Ossuary)
  7 rats
  A spectral orc (D:6)
310 creatures vanquished.

Vanquished Creatures (others)
  A howler monkey (D:4)
  A worm (D:4)
2 creatures vanquished.

Grand Total: 312 creatures vanquished

Notes
Turn   | Place    | Note
-------+----------+-------------------------------------------
     0 | D:1      | Dfrag the Naga Fire Elementalist began the quest for the
                  | Orb.
     0 | D:1      | Reached XP level 1. HP: 15/15 MP: 3/3
    76 | D:1      | Reached XP level 2. HP: 13/22 MP: 0/5
    96 | D:1      | HP: 1/22 [jackal (1)]
   345 | D:1      | Reached XP level 3. HP: 28/28 MP: 2/6
   767 | D:2      | Reached XP level 4. HP: 35/36 MP: 3/8
   814 | D:2      | Learned a level 3 spell: Conjure Flame
   819 | D:2      | Learned a level 4 spell: Sticky Flame
   854 | D:2      | Found a shadowy altar of Dithmenos.
   896 | D:2      | Reached XP level 5. HP: 42/42 MP: 9/9
  1433 | D:3      | Noticed Sigmund
  1493 | D:3      | Killed Sigmund
  1493 | D:3      | Reached XP level 6. HP: 31/49 MP: 4/11
  1552 | D:3      | Found a transporter.
  1632 | D:3      | Found a transporter.
  2039 | D:3      | Reached skill level 5 in Fire Magic
  2174 | D:4      | Found a sand-covered staircase.
  2249 | D:4      | Reached XP level 7. HP: 47/55 MP: 13/13
  2279 | Ossuary  | Entered an ossuary
  2287 | Ossuary  | Learned a level 5 spell: Fireball
  3099 | D:4      | Noticed Pikel
  3111 | D:4      | Killed Pikel
  3111 | D:4      | Reached skill level 5 in Spellcasting
  3111 | D:4      | Reached skill level 5 in Conjurations
  3111 | D:4      | Reached XP level 8. HP: 36/62 MP: 13/16
  3191 | D:4      | Noticed Ijyb
  3203 | D:4      | Killed Ijyb
  3576 | D:5      | Entered Level 5 of the Dungeon
  3952 | D:5      | Reached XP level 9. HP: 41/68 MP: 18/18
  4741 | D:6      | Found a basalt altar of Yredelemnul.
  4990 | D:6      | Found a staircase to the Ecumenical Temple.
  5000 | Temple   | Entered the Ecumenical Temple
  5067 | Temple   | Became a worshipper of Vehumet
  5223 | D:6      | Found a bloodstained altar of Trog.
  5530 | D:7      | Found a flagged portal.
  5565 | Bailey   | Entered a bailey
  5722 | Bailey   | Reached * piety under Vehumet
  5722 | Bailey   | Offered knowledge of Magic Dart by Vehumet.
  5740 | Bailey   | Reached XP level 10. HP: 59/75 MP: 4/21
  6234 | D:7      | Noticed Harold
  6249 | D:7      | Killed Harold
  6773 | D:8      | Offered knowledge of Throw Frost by Vehumet.
  6778 | D:8      | Reached ** piety under Vehumet
  7730 | D:8      | Found a glowing silver altar of Zin.
  7730 | D:8      | Found a white marble altar of Elyvilon.
  8221 | D:9      | Offered knowledge of Dazzling Spray by Vehumet.
  8361 | D:9      | Reached skill level 10 in Fire Magic
  8430 | D:9      | Reached XP level 11. HP: 51/81 MP: 14/23
  8819 | D:9      | Found a staircase to the Lair.
  9256 | D:10     | Entered Level 10 of the Dungeon
  9328 | D:10     | Reached *** piety under Vehumet
  9421 | D:10     | Noticed a cyclops
  9427 | D:10     | Killed a cyclops
  9538 | D:10     | Found a staircase to the Orcish Mines.
  9598 | D:10     | Reached skill level 10 in Conjurations
 10086 | D:10     | Offered knowledge of Airstrike by Vehumet.
 10093 | D:10     | Learned a level 4 spell: Airstrike
 10123 | D:10     | Noticed an eight-headed hydra
 10124 | D:10     | HP: 1/81 [eight-headed hydra (7)]
 10124 | D:10     | Mangled by an eight-headed hydra

Levels and vault maps discovered:
D:1:      wander_arrival_chamber, layout_basic
D:2:      layout_loops_ring, nicolae_overflow_crystal_walls, chequers_garden,
          nrook_mini_vaults
D:3:      gammafunk_wand_slinger, layout_basic, minmay_stone_trees_medium,
          uniq_sigmund
D:4:      layout_loops_ring, nicolae_ossuary_entry_monument,
          chequers_serial_rivers_marsh, uniq_pikel, uniq_ijyb
D:5:      layout_basic, first_ration
D:6:      layout_rooms, lemuel_round_altar, yredelemnul_forgotten_temple_becter,
          minmay_temple_entry_slanted
D:7:      layout_basic, enter_bailey_6, uniq_harold
D:8:      layout_loops_ring, gammafunk_temple_overflow_statue, david_nohive_1
D:9:      layout_grid_maze, grunt_lair_entry_orc_guard_hut
D:10:     minmay_ornate_pinched, layout_layer_cave, orc_0_dummy, serial_ice,
          serial_ice_j, serial_ice_b, serial_ice_o, serial_ice_a
Temple:   minmay_crystal_spiral_temple
Ossuary:  ossuary_tomb_3
Bailey:   bailey_axe_1, bailey

Skill      XL: |  1  2  3  4  5  6  7  8  9 10 11 |
---------------+----------------------------------+-----
Conjurations   | 2 3 4 5 6 8 9 10 | 10.3
Spellcasting   | 3 4 5 6 7 8 9 |  9.6
Fire Magic     | 4 5 6 7 8 10 | 10.7
Dodging        | |  1.5
Stealth        | |  3.0

Action                   |  1- 3 |  4- 6 |  7- 9 | 10-12 || total
-------------------------+-------+-------+-------+-------++-------
Melee: Unarmed           |     1 |     5 |       |       ||     6
       Trident           |       |       |    36 |       ||    36
       Spear             |       |       |    46 |       ||    46
       Battleaxe         |       |       |    14 |    26 ||    40
       Staff             |       |       |       |    15 ||    15
 Cast: Flame Tongue      |    38 |    82 |   134 |   122 ||   376
       Sticky Flame      |       |     2 |    39 |    48 ||    89
       Fireball          |       |       |    11 |    35 ||    46
       Conjure Flame     |       |       |     3 |       ||     3
 Abil: Spit Poison       |    27 |    25 |    15 |     8 ||    75
Evoke: Wand              |       |       |     1 |     3 ||     4
  Use: Scroll            |       |       |     6 |     7 ||    13
       Potion            |       |       |       |     1 ||     1
 Stab: Sleeping          |       |       |     1 |       ||     1
  Eat: Chunk             |     1 |     5 |    19 |    13 ||    38
Armor: Robe              |     6 |     6 |    92 |    58 ||   162
       Troll leather arm |       |       |       |    21 ||    21
Dodge: Dodged            |    29 |    43 |   161 |    88 ||   321

Table legend:
 A = Non-vault XP
 B = Vault XP
 C = Vault XP percentage of total XP
 D = Non-vault monster count
 E = Vault monster count
 F = Vault count percentage of total count
                 A         B        C        D         E       F
            +---------+---------+-------+---------+---------+-------
      Total |    7585 |    6141 |  44.7 |     221 |      89 |  28.7
            +---------+---------+-------+---------+---------+-------
        D:1 |      46 |       0 |   0.0 |      24 |       0 |   0.0
        D:2 |     162 |       0 |   0.0 |      25 |       0 |   0.0
        D:3 |     105 |     295 |  73.8 |      26 |       6 |  18.8
        D:4 |     328 |     677 |  67.4 |      12 |       2 |  14.3
        D:5 |     688 |       0 |   0.0 |      26 |       0 |   0.0
        D:6 |    1317 |       1 |   0.1 |      25 |       1 |   3.8
        D:7 |     416 |    1034 |  71.3 |      17 |       1 |   5.6
        D:8 |     630 |    1092 |  63.4 |      24 |      14 |  36.8
        D:9 |    1446 |     473 |  24.6 |      17 |       4 |  19.0
       D:10 |    2447 |    1632 |  40.0 |      25 |      13 |  34.2
    Ossuary |       0 |     184 | 100.0 |       0 |      16 | 100.0
     Bailey |       0 |     753 | 100.0 |       0 |      32 | 100.0
            +---------+---------+-------+---------+---------+-------
